 Dungeon Crawl Stone Soup version 0.27.0-1-g7a089689b8 (webtiles) character file.

Game seed: 14351778134624360830

1677 ZARRMARR the Cleaver (level 9, -3/78 HPs)
             Began as a Hill Orc Monk on Aug 2, 2021.
             Was a Priest of Beogh.
             Shot with a sling bullet by Joseph (14 damage)
             ... on level 7 of the Dungeon.
             The game lasted 00:56:13 (10514 turns).

ZARRMARR the Cleaver (Hill Orc Monk)               Turns: 10514, Time: 00:56:14

Health: -3/78      AC: 11    Str: 20    XL:     9   Next: 1%
Magic:  12/18      EV: 13    Int: 10    God:    Beogh [***...]
Gold:   343        SH:  5    Dex: 13    Spells: 5/8 levels left

rFire    . . .     SeeInvis .   a - +0 hand axe
rCold    . . .     Faith    .   (no shield)
rNeg     + . .     Spirit   .   E - +1 leather armour "Dutiryq" {rN+ Str+3}
rPois    .         Reflect  +   k - +2 hat
rElec    +         Harm     .   (no cloak)
rCorr    .         Rampage  .   D - +0 pair of gloves
Will     .....                  (no boots)
Stlth    ++........             f - amulet of reflection
HPRegen  0.23/turn              m - ring "Huxot" {rElec MP+9}
MPRegen  0.16/turn              l - +4 ring of protection

@: marked
A: no striking features
a: Renounce Religion, Smiting


You were on level 7 of the Dungeon.
You worshipped Beogh.
Beogh was most pleased with you.
You visited 1 branch of the dungeon, and saw 7 of its levels.
You also visited: Ossuary.

You collected 343 gold pieces.

Inventory:

Hand Weapons
 a - a +0 hand axe (weapon)
 b - a +4 mace
 n - a +3 bardiche
 F - a +2 dagger of venom
 G - a +0 vorpal trident
Missiles
 c - 195 stones (quivered)
Armour
 k - a +2 hat (worn)
 D - a +0 pair of gloves (worn)
 E - the +1 leather armour "Dutiryq" (worn) {rN+ Str+3}
   (You found it on level 6 of the Dungeon)

   Str:       It affects your strength (+3).
   rN:        It protects you from negative energy.
Jewellery
 f - an amulet of reflection (around neck)
 h - a ring of resist corrosion
 l - a +4 ring of protection (right hand)
 m - the ring "Huxot" (left hand) {rElec MP+9}
   (You acquired it on level 5 of the Dungeon)

   [ring of magical power]

   rElec:     It insulates you from electricity.
   MP:        It affects your magic capacity (+9).
 C - a ring of positive energy
Scrolls
 j - a scroll of noise
 p - a scroll of silence {unknown}
 s - 2 scrolls of immolation {unknown}
 w - a scroll of magic mapping
 y - 2 scrolls of enchant armour {unknown}
 A - 3 scrolls of teleportation
 B - 2 scrolls of blinking {unknown}
Potions
 d - a potion of ambrosia {unknown}
 e - a potion of brilliance {unknown}
 g - 3 potions of lignification {unknown}
 i - 4 potions of resistance {unknown}
 o - 5 potions of degeneration {unknown}
 q - a potion of magic {unknown}
 r - a potion of haste {unknown}
 t - 4 potions of curing {unknown}
 u - a potion of might {unknown}
 v - a potion of attraction {unknown}
 x - 3 potions of invisibility
 z - a potion of flight {unknown}


   Skills:
 + Level 6.7 Fighting
 + Level 10.0 Axes
 + Level 2.5 Throwing
 + Level 2.0 Armour
 + Level 4.5 Dodging
 + Level 3.0 Stealth
 - Level 0.5 Shields
 + Level 1.1 Conjurations
 + Level 0.9 Fire Magic
 + Level 1.1 Invocations


You had 5 spell levels left.
You knew the following spells:

 Your Spells              Type           Power      Damage    Failure   Level
a - Conjure Flame         Conj/Fire      2%         6-21      65%         3

Your spell library contained the following spells:

 Spells                   Type           Power      Damage    Failure   Level
 Static Discharge         Conj/Air       1%         N/A       45%         2
 Slow                     Hex            0%         N/A       54%         2
 Ignite Poison            Fire/Tmut/Pois 0%         N/A       75%         3
 Call Canine Familiar     Summ           0%         N/A       78%         3
 Confusing Touch          Hex            0%         N/A       78%         3
 Portal Projectile        Hex/Tloc       0%         N/A       78%         3
 Vampiric Draining        Necr           0%         2d6       78%         3
 Sticky Flame             Conj/Fire      2%         2d3       96%         4
 Leda's Liquefaction      Hex/Erth       0%         N/A       99%         4
 Lightning Bolt           Conj/Air       0%         1d11      100%        5
 Maxwell's Capacitive Co  Air            0%         ∞         100%        8


Dungeon Overview and Level Annotations

Branches:
Dungeon (7/15)             Temple (0/1) D:5         Ossuary (visited)

Altars:
Ashenzari
Cheibriados
Dithmenos
Hepliaklqana
Vehumet
Wu Jian

Annotations:
D:7 Joseph


Message History

Press: ? - help, Q - select action, (/) - cycle Shift-Dir - straight line, f/p - Joseph
Aim: Joseph, wielding a +0 hunting sling, wearing a +3 ring mail and quivering sling bullets (ally target, 65% to hit)
You throw a stone. The stone completely misses Joseph.
Unknown command.
You swap places.
Joseph shoots a sling bullet.
The sling bullet barely misses you.
Items here: ( )) [ †.
Joseph unwields a +0 hunting sling.
Joseph wields a +0 quarterstaff.
Joseph misses you.
You hit Joseph but do no damage. Joseph hits you but does no damage.
You slash Joseph!
Joseph is lightly wounded.
Joseph barely misses you.
You hit Joseph but do no damage.
Joseph is lightly wounded.
Joseph hits you with a +0 quarterstaff!
* * * LOW HITPOINT WARNING * * *
Your orc warrior barely misses Joseph.
Joseph unwields a +0 quarterstaff.
Joseph wields a +0 hunting sling.
Joseph shoots a sling bullet.
The sling bullet hits you!
* * * LOW HITPOINT WARNING * * *
Items here: ( )) [ †.
Unknown command.
Casting: Conjure Flame (dangerous; 65% risk of failure)
Confirm with . or Enter, or press ? or * to list all spells.
Okay, then.
Aiming: Smiting
Press: ? - help, Dir - move target, f/p - Joseph Smite: Joseph, wielding a +0 hunting sling, wearing a +3 ring mail and quivering sling bullets (lightly wounded, ally target)
You smite Joseph!
Joseph is moderately wounded.
Your orc warrior hits Joseph but does no damage.
Aiming: Smiting
Press: ? - help, Dir - move target, f/p - Joseph Smite: Joseph, wielding a +0 hunting sling, wearing a +3 ring mail and quivering sling bullets (moderately wounded, ally target)
You smite Joseph!
Joseph is heavily wounded.
You can no longer recall your orcish followers.
Joseph shoots a sling bullet.
The sling bullet hits you!
You die...

####.###
#########......
##....<........#
..........#.##..###
......###.#.#......
.....>..#$#.#...###
..#.# #.....†)....#
. #. ###.†.)...#.#
# ###@)......
#......#.
#.@o......<
#.###......# ..
....... ... .......
## ......# .......
.......


You could see Joseph (ally target) and a friendly orc warrior.

Vanquished Creatures
  Menkaure (Ossuary)
  A water moccasin (D:5)
  A black bear (D:6)
  A necrophage (D:7)
  An ogre (D:5)
  A bullfrog (D:5)
  A scorpion (D:6)
  A wyvern zombie (D:6)
  2 water moccasin zombies (D:5)
  A wyvern skeleton (D:5)
  A jelly (D:4)
  An iguana (D:4)
  An orc wizard (D:7)
  A hound skeleton (D:4)
  Robin (D:2)
  3 mummies (Ossuary)
  6 gnolls
  8 adders
  2 white imps
  A worm (D:2)
  3 dart slugs
  3 orcs
  7 bats
  5 endoplasms
  A giant cockroach (D:1)
  13 goblins
  6 hobgoblins
  6 jackals
  7 kobolds
  4 quokkas
  8 ball pythons
  A frilled lizard (D:3)
  2 gnoll skeletons (Ossuary)
  2 gnoll zombies (Ossuary)
  9 goblin skeletons (Ossuary)
  5 goblin zombies (Ossuary)
  4 hobgoblin skeletons (Ossuary)
  5 hobgoblin zombies (Ossuary)
  3 kobold skeletons (Ossuary)
  6 kobold zombies (Ossuary)
  2 orc zombies (Ossuary)
  3 rats
  7 rat skeletons (Ossuary)
  5 rat zombies (Ossuary)
153 creatures vanquished.

Vanquished Creatures (collateral kills)
  A wyvern (D:5)
  A steam dragon (D:7)
  A hornet zombie (D:6)
  An ogre (D:6)
  A phantom (D:6)
  A scorpion (D:6)
  A hound (D:6)
  An orc priest (D:7)
  A bullfrog zombie (D:7)
  A howler monkey zombie (D:4)
  An adder (D:6)
  An adder skeleton (D:4)
  4 orcs (D:6)
  A giant cockroach (D:4)
17 creatures vanquished.

Vanquished Creatures (others)
  An orc priest (D:6)
  An orc wizard (D:4)
  2 gnolls (D:4)
  10 orcs
  A kobold (D:4)
15 creatures vanquished.

Grand Total: 185 creatures vanquished

Notes
Turn   | Place    | Note
-------+----------+-------------------------------------------
     0 | D:1      | ZARRMARR the Hill Orc Monk began the quest for the Orb.
     0 | D:1      | Reached XP level 1. HP: 19/19 MP: 1/1
   414 | D:1      | Reached XP level 2. HP: 22/27 MP: 2/2
  1051 | D:1      | Found a faded altar of an unknown god.
  1293 | D:1      | Reached XP level 3. HP: 33/33 MP: 3/3
  1861 | D:2      | Reached skill level 5 in Axes
  1889 | D:2      | Noticed Robin
  1902 | D:2      | HP: 1/33 [goblin[Robin] (2)]
  1917 | D:3      | Reached skill level 1 in Throwing
  1919 | D:3      | Reached XP level 4. HP: 4/40 MP: 4/4
  2509 | D:2      | Killed Robin
  3324 | D:3      | Learned a level 3 spell: Conjure Flame
  3560 | D:3      | Reached XP level 5. HP: 47/47 MP: 5/5
  3998 | D:4      | Became a worshipper of Beogh the Brigand
  3998 | D:4      | Reached * piety under Beogh
  3998 | D:4      | Reached ** piety under Beogh
  4111 | D:4      | Found a broken altar of Ashenzari.
  4115 | D:4      | Found an ornate altar of the Wu Jian Council.
  4137 | D:4      | Found a shadowy altar of Dithmenos.
  4317 | D:4      | Found a sand-covered staircase.
  4325 | Ossuary  | Entered an ossuary
  4622 | Ossuary  | Reached *** piety under Beogh
  4763 | Ossuary  | Reached XP level 6. HP: 55/55 MP: 6/6
  4809 | Ossuary  | Reached skill level 6 in Axes
  4940 | Ossuary  | Noticed Menkaure
  4950 | Ossuary  | Killed Menkaure
  4951 | Ossuary  | Reached skill level 5 in Fighting
  6187 | D:5      | Entered Level 5 of the Dungeon
  6203 | D:4      | Reached **** piety under Beogh
  6340 | D:4      | Reached XP level 7. HP: 41/61 MP: 7/7
  6450 | D:4      | Reached skill level 7 in Axes
  7395 | D:5      | Noticed a wyvern
  7401 | D:5      | Killed a wyvern
  7646 | D:5      | Found a staircase to the Ecumenical Temple.
  7835 | D:5      | Reached skill level 8 in Axes
  7835 | D:5      | Reached XP level 8. HP: 32/70 MP: 4/8
  8059 | D:5      | Reached skill level 1 in Conjurations
  8332 | D:5      | Identified a scroll of acquirement
  8333 | D:5      | Acquired the ring "Huxot" {rElec MP+9}
  8403 | D:5      | Found a hazy altar of Hepliaklqana.
  8406 | D:5      | Found a radiant altar of Vehumet.
  8437 | D:5      | Found a snail-covered altar of Cheibriados.
  8573 | D:6      | Reached skill level 9 in Axes
  8771 | D:6      | Identified the +1 leather armour "Dutiryq" {rN+ Str+3}
  9305 | D:6      | Reached skill level 1 in Invocations
  9980 | D:6      | Reached skill level 1 in Armour
 10496 | D:7      | Reached skill level 10 in Axes
 10501 | D:7      | Reached XP level 9. HP: 30/78 MP: 9/9
 10504 | D:7      | Noticed Joseph
 10514 | D:7      | Shot with a sling bullet by Joseph

Illustrated notes

Levels and vault maps discovered:
D:1:      dpeg_arrival_snail, layout_basic, hellmonk_ecumenical_altar_crossroads
D:2:      layout_rooms, minmay_pentomino_t4, uniq_robin
D:3:      layout_basic
D:4:      layout_cave_pods, minmay_overflow_temple_star_quad,
          lightli_ossuary_entry_decrepit_ruins
D:5:      layout_loops_cross, nicolae_overflow_hidden_temple,
          minmay_temple_entry_offerings
D:6:      layout_cave_pods, hex_large, feat_on_display
D:7:      layout_loops_ring, mainiacjoe_overflow_alcove_2, ebering_ghost_gozag,
          uniq_joseph, uniq_crazy_yiuf_cottage

Skill      XL: |  1  2  3  4  5  6  7  8 |
---------------+-------------------------+-----
Fighting       | 4 5 6 |  6.7
Axes           | 5 6 8 10 | 10.0
Throwing       | 1 2 |  2.5
Dodging        | 3 4 |  4.5
Stealth        | 2 3 |  3.0
Conjurations   | 1 |  1.1
Invocations    | 1 |  1.1
Armour         | 2 |  2.0
Shields        | |  0.5
Fire Magic     | |  0.9

Action                   |  1- 3 |  4- 6 |  7- 9 || total
-------------------------+-------+-------+-------++-------
Melee: Hand axe          |   129 |   327 |   190 ||   646
Throw: Stone             |    63 |   167 |    33 ||   263
 Cast: Conjure Flame     |       |     1 |     1 ||     2
Invok: Convert to Beogh  |       |     1 |       ||     1
       Smiting           |       |       |     5 ||     5
  Use: Scroll            |     3 |     1 |     3 ||     7
       Potion            |     1 |       |       ||     1
 Stab: Sleeping          |     2 |     5 |     2 ||     9
       Distracted        |       |       |     3 ||     3
Armor: Robe              |    26 |    57 |    28 ||   111
       Leather armour    |       |       |    19 ||    19
Dodge: Dodged            |    92 |   125 |   106 ||   323
Block: Other             |    23 |    51 |    36 ||   110
       Reflection        |     2 |       |       ||     2
